 Dungeon Crawl Stone Soup version 0.19.1 (webtiles) character file.

10040 RepoMan the Arsonist (level 11, -5/126 HPs)
             Began as a Demigod Fire Elementalist on Nov 30, 2016.
             Slain by a four-headed hydra (10 damage)
             ... on level 1 of the Lair of Beasts on Dec 1, 2016.
             The game lasted 01:51:01 (10719 turns).

RepoMan the Arsonist (Demigod Fire Elementalist)   Turns: 10719, Time: 01:51:04

Health: -5/126     AC: 25    Str: 13    XL:     11   Next: 10%
Magic:  4/25       EV:  2    Int: 25    God:
Gold:   619        SH:  0    Dex: 16    Spells: 8 memorised, 3 levels left

rFire  + . .     SeeInvis .     C - +2 long sword (holy)
rCold  . . .     Gourm    .     (armour currently unavailable)
rNeg   + + +     Faith    .     (no shield)
rPois  +         Spirit   .     (helmet currently unavailable)
rElec  .         Reflect  .     (cloak currently unavailable)
rCorr  .         Harm     .     (gloves currently unavailable)
MR     +....     NoTele   +     (boots currently unavailable)
Stlth  ++........               L - amulet of magic regeneration
                                i - ring of protection from cold
                                u - ring of fire

@: tree-form, very slightly contaminated
A: high mp 1, strong 1
a: no special abilities


You were on level 1 of the Lair of Beasts.
You were not hungry.
You were a tree.
You visited 3 branches of the dungeon, and saw 12 of its levels.
You also visited: Volcano.

You collected 619 gold pieces.

Inventory:

Hand Weapons
 C - a +2 long sword of holy wrath (weapon)
 X - a +3 quarterstaff of chaos
Missiles
 e - 37 poisoned needles
 x - 3 silver tomahawks (quivered)
 B - 3 curare-tipped needles
Armour
 l - a +2 helmet of intelligence (melded)
 z - the +5 ring mail "Muocuss" {rF+ Slay+2}
   (You found it on level 4 of the Dungeon)

   It affects your accuracy and damage with ranged weapons and melee attacks
   (+2).
   It protects you from fire.
 N - a +2 leather armour of poison resistance (melded)
 P - a +0 cloak (melded)
 V - +0 steam dragon scales
 W - a cursed +0 pair of gloves (melded)
Rods
 E - a +2 iron rod (10/10)
   (You found it on level 9 of the Dungeon)
Jewellery
 i - a ring of protection from cold (right branch)
 m - a +4 ring of protection
 u - a ring of fire (left branch)
 G - an uncursed ring of poison resistance
 L - an amulet of magic regeneration (around neck)
 U - a +3 ring of strength {unknown}
Wands
 o - a wand of teleportation (6/9)
 p - a wand of teleportation (0/9)
 A - a wand of confusion (32/48)
 S - a wand of disintegration (4/24)
 Y - a wand of digging (0/24)
Scrolls
 b - a scroll of noise
 r - 5 scrolls of remove curse
 v - a scroll of holy word {unknown}
 y - a scroll of teleportation
 J - 4 scrolls of recharging {unknown}
 K - 2 scrolls of enchant armour {unknown}
 R - 2 scrolls of amnesia {unknown}
 T - a scroll of brand weapon {unknown}
Potions
 a - a potion of mutation
 d - 2 potions of curing
 g - 3 potions of resistance
 h - a potion of cancellation
 k - a potion of magic
 n - 2 potions of haste
 t - 2 potions of might
 F - 2 potions of flight
 I - 2 potions of berserk rage
 O - 2 potions of invisibility {unknown}
Books
 D - a book of Misfortune

   Spells                             Type                      Level
   a - Confusing Touch                Hexes                        1
   b - Confuse                        Hexes                        3
   c - Gell's Gravitas                Hexes/Translocation          3
   d - Petrify                        Transmutation/Earth          4
   e - Metabolic Englaciation         Hexes/Ice                    5
   f - Yara's Violent Unravelling     Hexes/Transmutation          5
Miscellaneous
 H - a phial of floods (inert)
Comestibles
 c - 9 bread rations
 f - 8 meat rations
 j - 6 chunks of flesh
 q - a royal jelly
 w - 6 fruits
 M - 2 beef jerkies
 Z - 7 slices of pizza


   Skills:
 + Level 4.1 Fighting
 + Level 5.1 Dodging
 - Level 1.7 Stealth
 + Level 6.8 Spellcasting
 + Level 7.4 Conjurations
 * Level 11.2 Fire Magic


You had 3 spell levels left.
You knew the following spells:

 Your Spells              Type           Power        Failure   Level  Hunger
a - Flame Tongue          Conj/Fire      #####        1%          1    None
b - Throw Flame           Conj/Fire      ######       1%          2    None
c - Conjure Flame         Conj/Fire      ######..     1%          3    None
d - Freeze                Ice            #...         10%         1    None
e - Sticky Flame          Conj/Fire      ######..     1%          4    ###....
f - Fireball              Conj/Fire      ######....   4%          5    #####..
g - Apportation           Tloc           #.........   10%         1    None
i - Inner Flame           Hex/Fire       ######..     1%          3    None


Dungeon Overview and Level Annotations

Branches:
Dungeon (10/15)            Temple (1/1) D:4            Lair (1/6) D:10
    Orc (0/2) D:9

Annotations:
D:7 Prince Ribbit


Innate Abilities, Weirdness & Mutations

You have an increased reservoir of magic. (+10% MP)
Your muscles are strong. (Str +2)


Message History

The four-headed hydra bites you but does no damage.
The four-headed hydra bites you!
* * * LOW HITPOINT WARNING * * *
The four-headed hydra bites you but does no damage. x2
Okay, then.
Unknown command.
You feel better.
The four-headed hydra is no longer moving slowly.
The four-headed hydra burns!
The crocodile bites you!
* * * LOW HITPOINT WARNING * * *
The four-headed hydra bites you.
* * * LOW HITPOINT WARNING * * *
The four-headed hydra bites you but does no damage. x3
You feel better.
The four-headed hydra burns!
The crocodile bites you but does no damage.
The four-headed hydra bites you!
* * * LOW HITPOINT WARNING * * *
The four-headed hydra bites you but does no damage. x2
The four-headed hydra bites you!
You die...

,,,*,***##...PP#..#....#.........
,****,,,...........###......#####
,,****,*####+#.#.### ##....#...#
,,,,,,,,,..........# #........##
,*,,*,,*,..........#*##..........
,*,*,*,,...≈####...##!#......(...
,,,,**,#...#* ##...#..#..........
,,,**,,+...####≈.t##..######....#
,,****,#........♣#.#..# #...##
,** *,#........#D..##* #..## ,*
**#.###P#####..%# ##..# ,* ***
##*#...#?.# ***#...# ,** ***
#[..[#### *#.##...## ,,* **,**
#####*** **,#>...... ,,*****,,,*
*,,***,,##...... >***,,*,,,****
**,,*,*,#.).....
,***,,,,,,,,,******,*,,...#.....#


You could see a four-headed hydra (burning) and a crocodile.

Vanquished Creatures
  The ghost of Assic the Magician, a novice GrEE of Vehumet (D:7)
  2 spiny frogs (Lair:1)
  A rime drake (Lair:1)
  3 komodo dragons
  A two-headed ogre (D:9)
  2 trolls (D:9)
  A blink frog (Lair:1)
  2 hippogriffs
  4 yaks (D:10)
  4 hogs (D:7)
  2 fire bats (Volcano)
  A steam dragon (D:10)
  A human (D:7)
  Edmund (D:5)
  Duvessa (D:7)
  A porcupine (Lair:1)
  6 orc warriors
  2 ice beasts
  2 sky beasts
  6 ogres
  2 phantoms (D:6)
  5 centaurs
  4 crocodiles
  A big kobold (D:9)
  4 bullfrogs
  4 gnoll sergeants (D:9)
  A water moccasin skeleton (D:6)
  Dowan (D:7)
  A scorpion (D:5)
  5 killer bees (D:7)
  An electric eel (D:7)
  A lava snake (Volcano)
  3 crimson imps
  A bullfrog zombie (D:8)
  A centaur zombie (D:5)
  A hound (D:10)
  2 centaur skeletons
  4 orc priests
  Crazy Yiuf (D:7)
  A bullfrog skeleton (D:8)
  A jelly (D:10)
  Jessica (D:3)
  Terence (D:2)
  6 iguanas
  11 orc wizards
  6 worker ants
  3 hound skeletons
  6 gnolls
  11 adders
  5 shadow imps
  3 adder skeletons
  6 worms
  2 dart slugs (D:1)
  5 leopard geckos
  44 orcs
  2 ball pythons
  2 giant cockroaches
  12 goblins
  6 hobgoblins
  7 jackals
  3 quokkas
  7 bats
  5 frilled lizards
  A giant cockroach zombie (D:5)
  4 kobolds
  A quokka skeleton (D:8)
  6 rats
255 creatures vanquished.

Vanquished Creatures (collateral kills)
  A gnoll (D:9)
1 creature vanquished.

Grand Total: 256 creatures vanquished

Notes
Turn   | Place    | Note
-------+----------+-------------------------------------------
     0 | D:1      | RepoMan the Demigod Fire Elementalist began the quest for the Orb.
     0 | D:1      | Reached XP level 1. HP: 14/14 MP: 5/5
    63 | D:1      | Reached skill level 1 in Conjurations
   156 | D:1      | Reached skill level 3 in Fire Magic
   267 | D:1      | Reached XP level 2. HP: 20/20 MP: 5/7
   271 | D:1      | Learned a level 2 spell: Throw Flame
  1020 | D:2      | Reached XP level 3. HP: 26/26 MP: 5/8
  1262 | D:2      | Noticed Terence
  1279 | D:2      | Killed Terence
  1508 | D:2      | Reached XP level 4. HP: 33/33 MP: 4/10
  1513 | D:2      | Learned a level 3 spell: Conjure Flame
  1698 | D:3      | Reached skill level 4 in Fire Magic
  1946 | D:3      | Found a faded altar of an unknown god.
  1966 | D:3      | Found a shadowy altar of Dithmenos.
  2369 | D:3      | Noticed Jessica
  2374 | D:3      | Killed Jessica
  2374 | D:3      | Reached XP level 5. HP: 38/38 MP: 5/11
  2394 | D:3      | Learned a level 3 spell: Inner Flame
  3007 | D:3      | Found a stormy altar of Qazlal.
  3257 | D:4      | Found a staircase to the Ecumenical Temple.
  3276 | D:4      | Got a fine ring mail
  3279 | Temple   | Entered the Ecumenical Temple
  3289 | D:4      | Noticed an ogre
  3295 | D:4      | Killed an ogre
  3295 | D:4      | Reached skill level 5 in Fire Magic
  3295 | D:4      | Reached XP level 6. HP: 45/45 MP: 4/13
  3742 | D:4      | Learned a level 1 spell: Freeze
  3764 | D:5      | Entered Level 5 of the Dungeon
  4333 | D:5      | Reached skill level 6 in Fire Magic
  4333 | D:5      | Reached XP level 7. HP: 50/50 MP: 10/15
  4480 | D:5      | Found a deep blue altar of Sif Muna.
  5020 | D:6      | Noticed Edmund
  5045 | D:5      | Killed Edmund
  5049 | D:5      | Reached skill level 7 in Fire Magic
  5096 | D:5      | Learned a level 4 spell: Sticky Flame
  5167 | D:6      | Found a snail-covered altar of Cheibriados.
  5324 | D:6      | Reached XP level 8. HP: 54/57 MP: 7/17
  5988 | D:6      | Identified the +5 ring mail "Muocuss" {rF+ Slay+2} (You found it on level 4 of the Dungeon)
  6147 | D:7      | Noticed a hippogriff
  6227 | D:7      | Found a burning altar of Makhleb.
  6358 | D:7      | Killed a hippogriff
  6358 | D:7      | Reached skill level 5 in Conjurations
  6358 | D:7      | Reached skill level 8 in Fire Magic
  6439 | D:7      | Noticed Assic's ghost (novice GrEE)
  6450 | D:7      | Killed Assic's ghost
  6450 | D:7      | Reached skill level 5 in Spellcasting
  6608 | D:7      | Found a glowing silver altar of Zin.
  6618 | D:7      | Found an iron altar of Okawaru.
  6626 | D:7      | Found a bloodstained altar of Trog.
  6626 | D:7      | Found a glowing golden altar of the Shining One.
  6645 | D:7      | Found a hazy altar of Hepliaklqana.
  6671 | D:7      | Reached XP level 9. HP: 61/62 MP: 15/20
  6856 | D:7      | Reached skill level 9 in Fire Magic
  7188 | D:7      | Noticed Duvessa
  7188 | D:7      | Noticed Dowan
  7193 | D:7      | Noticed Prince Ribbit
  7401 | D:8      | Reached skill level 1 in Fighting
  7787 | D:8      | Found a hide-covered altar of Uskayaw.
  7904 | D:8      | Learned a level 5 spell: Fireball
  7939 | D:6      | Found a shattered altar of Ashenzari.
  7973 | D:7      | Found a runed door.
  7977 | D:7      | Noticed Crazy Yiuf
  7986 | D:7      | Killed Crazy Yiuf
  8077 | D:7      | Killed Dowan
  8287 | D:7      | Killed Duvessa
  8742 | D:9      | Reached XP level 10. HP: 74/74 MP: 18/23
  8757 | D:9      | Found a deep blue altar of Sif Muna.
  8781 | D:9      | Found a blossoming altar of Fedhas.
  8790 | D:9      | Learned a level 1 spell: Apportation
  8892 | D:9      | Reached skill level 10 in Fire Magic
  9184 | D:9      | Found a staircase to the Orcish Mines.
  9490 | D:9      | Gained mutation: Your muscles are strong. (Str +2) [potion of beneficial mutation]
  9546 | D:10     | Entered Level 10 of the Dungeon
  9957 | D:10     | Found a staircase to the Lair.
  9989 | Lair:1   | Entered Level 1 of the Lair of Beasts
 10208 | Lair:1   | Found a dark tunnel.
 10213 | Volcano  | Entered a volcano
 10280 | Volcano  | Reached skill level 11 in Fire Magic
 10531 | Volcano  | Found a burning altar of Makhleb.
 10531 | Volcano  | Noticed a centaur warrior
 10619 | Lair:1   | Reached skill level 5 in Dodging
 10619 | Lair:1   | Reached XP level 11. HP: 71/84 MP: 17/25
 10704 | Lair:1   | Noticed a four-headed hydra
 10718 | Lair:1   | HP: 6/126 [four-headed hydra (6)]
 10719 | Lair:1   | Slain by a four-headed hydra

Skill      XL: |  1  2  3  4  5  6  7  8  9 10 |
---------------+-------------------------------+-----
Conjurations   | 1 2 3 4 5 6 7 |  7.4
Fire Magic     | 3 4 5 6 7 8 9 11 | 11.2
Spellcasting   | 2 3 4 5 6 |  6.8
Dodging        | 3 5 |  5.1
Fighting       | 2 4 |  4.1
Stealth        | |  1.7

Action                   |  1- 3 |  4- 6 |  7- 9 | 10-12 || total
-------------------------+-------+-------+-------+-------++-------
Melee: Unarmed           |     3 |       |       |       ||     3
       Quarterstaff      |       |     6 |     4 |       ||    10
       Long sword        |       |       |    28 |    33 ||    61
 Cast: Flame Tongue      |    76 |    96 |   215 |   103 ||   490
       Throw Flame       |       |    10 |     6 |       ||    16
       Conjure Flame     |       |     7 |    26 |    15 ||    48
       Inner Flame       |       |     6 |    13 |     7 ||    26
       Freeze            |       |     1 |    10 |    19 ||    30
       Sticky Flame      |       |       |    10 |    16 ||    26
       Fireball          |       |       |       |     2 ||     2
Evoke: Wand              |       |     1 |     8 |       ||     9
       Phial of floods   |       |       |       |     1 ||     1
  Use: Scroll            |       |       |    12 |     8 ||    20
       Potion            |       |       |       |     5 ||     5
 Stab: Sleeping          |       |     1 |       |     1 ||     2
  Eat: Chunk             |     3 |    10 |    10 |     5 ||    28
       Beef jerky        |       |       |     3 |       ||     3
       Fruit             |       |       |     1 |       ||     1
       Royal jelly       |       |       |       |     1 ||     1
Armor: Robe              |     4 |     4 |    13 |       ||    21
       Leather armour    |       |       |    22 |    29 ||    51
       Skin              |       |       |       |    14 ||    14
Dodge: Dodged            |    17 |    13 |    51 |    74 ||   155
       Rpst.: Long sword |       |       |     9 |    22 ||    31
